[Event "Titled Tuesday Blitz June 07 Early 2022"]
[White "Saveliev, Alexei"]
[Black "Costachi, Mihnea"]
[WhiteFideId "24128546"]
[BlackFideId "1217518"]
[WhiteElo "2281"]
[BlackElo "2476"]
[Result "0-1"]
[Round "05"]
[TimeControl "180+1"]
[Date "2022.06.07"]
[WhiteClock "0:00:12"]
[BlackClock "0:01:05"]

1. c4 Nf6 2. Nc3 g6 3. e4 d6 4. d4 Bg7 5. f4 O-O 6. Nf3 c5 7. d5 e6 8. Be2 b5 9. cxb5 exd5 10. exd5 a6 11. O-O axb5 12. Bxb5 Na6 13. a4 Nb4 14. f5 Bxf5 15. Bg5 h6 16. Bh4 Nc2 17. Rc1 Ne3 18. Qd2 Nxf1 19. Rxf1 Qa5 20. Qf4 Rad8 21. Bxf6 Bxf6 22. g4 Qb4 23. Qxb4 cxb4 24. gxf5 bxc3 25. bxc3 Bxc3 26. Rc1 Rc8 27. Kg2 gxf5 28. Bc6 Ba5 29. Nh4 Rb8 30. Nxf5 Rb2+ 31. Kf3 Rfb8 32. Rg1+ Kf8 33. Nxd6 R8b3+ 34. Ke4 Re2+ 35. Kf5 Rf3+ 36. Kg4 Rff2 37. Rb1 Bc7 38. Nf5 Re4+ 39. Kh3 Rxh2# 0-1


[Site "https://www.chess.com"]

[Event "Titled Tuesday Blitz June 07 Early 2022"]
[White "Shailesh, Dravid"]
[Black "Harvey, Marcus R"]
[WhiteFideId "25017969"]
[BlackFideId "400092"]
[WhiteElo "2142"]
[BlackElo "2485"]
[Result "0-1"]
[Round "05"]
[TimeControl "180+1"]
[Date "2022.06.07"]
[WhiteClock "0:00:13"]
[BlackClock "0:00:12"]

1. e4 c6 2. d4 d5 3. Nd2 dxe4 4. Nxe4 Nf6 5. Nxf6+ exf6 6. c3 Bd6 7. Bd3 O-O 8. Ne2 Re8 9. Be3 Nd7 10. Qc2 Nf8 11. O-O-O Be6 12. c4 Rc8 13. Nc3 Qa5 14. a3 b5 15. c5 Bb8 16. d5 Bxd5 17. Nxd5 cxd5 18. Bf5 Rcd8 19. c6 g6 20. Bh3 Be5 21. Kb1 Ne6 22. g3 f5 23. Rd3 d4 24. Bd2 Qc7 25. f4 Bf6 26. Rc1 Be7 27. b4 Bf6 28. Bf1 Qb6 29. Be1 Nc7 30. Qc5 Qxc5 31. bxc5 Nd5 32. Rb3 a6 33. Bg2 Ne3 34. Bf3 Nc4 35. a4 d3 36. axb5 axb5 37. Rd1 d2 38. Bf2 Ra8 39. Kc2 Ra2+ 40. Kd3 Nb2+ 41. Rxb2 Rxb2 42. c7 Rc8 43. Bb7 Rxc7 44. c6 Rb3+ 45. Ke2 Rc3 46. Rxd2 R3xc6 47. Bxc6 Rxc6 48. Rd5 b4 49. Rb5 Rc2+ 50. Kf3 Bc3 51. Bc5 Kg7 52. Rb8 h5 53. Bxb4 Bxb4 54. Rxb4 Rxh2 55. Rb8 h4 56. gxh4 Rh3+ 57. Kf2 Rxh4 58. Kf3 Rg4 59. Rb7 Rh4 60. Ra7 Rh8 61. Rb7 Rc8 62. Ra7 Rc3+ 63. Kf2 Rc4 64. Kf3 Re4 65. Rb7 Rc4 66. Ra7 Rc8 67. Rb7 Rf8 68. Kg3 Kg8 69. Ra7 f6 70. Rb7 Rf7 71. Rb8+ Kg7 72. Rb6 Re7 73. Kf3 g5 74. Rb5 Kg6 75. Rb8 Rd7 76. Rg8+ Rg7 77. Ra8 Rb7 78. Ra4 Rb3+ 79. Kf2 Kh5 80. Kg2 Re3 81. Rb4 Re4 82. Rb6 Rxf4 83. Rxf6 Kg4 84. Ra6 Rb4 85. Ra2 f4 86. Kf2 Re4 87. Rb2 f3 88. Kf1 Kg3 89. Ra2 g4 90. Rb2 Kh3 91. Kg1 Re1+ 92. Kf2 Re2+ 93. Rxe2 fxe2 94. Kxe2 Kh2 0-1


[Site "https://www.chess.com"]

[Event "Titled Tuesday Blitz June 07 Early 2022"]
[White "Shubin, Kirill"]
[Black "Janaszak, Dawid"]
[WhiteFideId "34119962"]
[BlackFideId "1119206"]
[WhiteElo "2474"]
[BlackElo "2199"]
[Result "1-0"]
[Round "05"]
[TimeControl "180+1"]
[Date "2022.06.07"]
[WhiteClock "0:01:45"]
[BlackClock "0:00:27"]

1. e4 c5 2. Nf3 Nc6 3. Bb5 g6 4. Bxc6 dxc6 5. d3 Bg7 6. h3 b6 7. a4 a5 8. O-O e5 9. Nbd2 Qe7 10. Nc4 Rb8 11. Be3 h6 12. Qd2 Ba6 13. Ncxe5 Bxe5 14. Nxe5 Qe6 15. Qc3 Nf6 16. Ng4 Ke7 17. Bf4 Nxg4 18. Bxb8 Rxb8 19. hxg4 Re8 20. f3 Kd7 21. Rfd1 Kc7 22. d4 cxd4 23. Qxd4 Bc8 24. b4 Qe5 25. Qxe5+ Rxe5 26. c3 h5 27. gxh5 gxh5 28. Kf2 Be6 29. Ke3 Rg5 30. Rd2 h4 31. Rh1 Rh5 32. g4 Rh8 33. bxa5 bxa5 34. Rdh2 Rb8 35. Rxh4 Rb3 36. Rh5 Rxc3+ 37. Kf4 c5 38. Rb1 Bd7 39. Rh7 Bxa4 40. Rxf7+ Kc6 41. Rf6+ Kc7 42. Ra1 Rc4 43. Ra6 Bc6 44. R6xa5 Rc2 45. g5 c4 46. g6 c3 47. g7 Rg2 48. Rg5 1-0


[Site "https://www.chess.com"]

[Event "Titled Tuesday Blitz June 07 Early 2022"]
[White "Sjugirov, Sanan"]
[Black "Agibileg, Uurtsaikh"]
[WhiteFideId "4189302"]
[BlackFideId "4901606"]
[WhiteElo "2602"]
[BlackElo "2205"]
[Result "1-0"]
[Round "05"]
[TimeControl "180+1"]
[Date "2022.06.07"]
[WhiteClock "0:00:08"]
[BlackClock "0:00:05"]

1. Nf3 Nf6 2. g3 g6 3. Bg2 Bg7 4. O-O O-O 5. c4 c5 6. Nc3 Nc6 7. d4 cxd4 8. Nxd4 Qa5 9. e3 Ne5 10. Nb3 Qa6 11. c5 d6 12. cxd6 exd6 13. e4 Bg4 14. f3 Be6 15. Nd4 Bc4 16. Nde2 Rac8 17. Be3 Rfd8 18. f4 Neg4 19. Bd4 d5 20. e5 Ne4 21. Re1 f6 22. exf6 Bxf6 23. Bxf6 Qxf6 24. Qd4 Nxc3 25. bxc3 Bxe2 26. Rxe2 Rxc3 27. Bxd5+ Kh8 28. Qxf6+ Nxf6 29. Bxb7 Rd7 30. Bg2 Kg7 31. Rae1 Ra3 32. Rc2 Rf7 33. Rb1 Rd7 34. Re2 a5 35. Rf1 Ng4 36. Bf3 h5 37. Bxg4 hxg4 38. Rff2 Kf6 39. Kg2 Rd1 40. Rb2 Rc3 41. Rfc2 Rxc2+ 42. Rxc2 Ra1 43. Kf2 Ke6 44. Ke3 Kd5 45. Kd3 a4 46. Kc3 Rf1 47. Kb4 Ke4 48. Kxa4 Kf3 49. Kb3 Rb1+ 50. Kc3 Ra1 51. Rb2 Rc1+ 52. Kb4 Ra1 53. a4 Rc1 54. a5 Rc8 55. Ka4 Ra8 56. Ra2 Ke4 57. Kb5 Kd3 58. a6 Ke4 59. Kb6 Kf3 60. Kb7 Rf8 61. a7 Rf7+ 62. Kb6 Rf8 63. a8=Q+ Rxa8 64. Rxa8 Kg2 65. Ra2+ Kh3 66. Kc5 g5 67. Kd4 gxf4 68. gxf4 Kh4 69. Ke5 1-0


[Site "https://www.chess.com"]

[Event "Titled Tuesday Blitz June 07 Early 2022"]
[White "Skliarov, Viktor"]
[Black "Salinas Herrera, Pablo"]
[WhiteFideId "14106736"]
[BlackFideId "3407128"]
[WhiteElo "2229"]
[BlackElo "2541"]
[Result "1-0"]
[Round "05"]
[TimeControl "180+1"]
[Date "2022.06.07"]
[WhiteClock "0:00:06"]
[BlackClock "0:00:06"]

1. e4 c5 2. Nf3 e6 3. c3 d5 4. e5 Nc6 5. d4 Qb6 6. a3 Nh6 7. b4 cxd4 8. Bxh6 gxh6 9. cxd4 Bg7 10. b5 Ne7 11. Bd3 O-O 12. O-O Bd7 13. Nc3 Rfc8 14. Na4 Qa5 15. Nc5 Rc7 16. Nxd7 Rxd7 17. Qb1 Rc7 18. Bxh7+ Kh8 19. Bd3 Rac8 20. Qb2 Rc3 21. Rfd1 Qc7 22. h4 f6 23. exf6 Bxf6 24. Qd2 Kg7 25. Re1 Qd6 26. Ne5 Bxh4 27. Qf4 Bf6 28. Qg3+ Bg5 29. f4 Nf5 30. Qg4 Qb6 31. fxg5 h5 32. Qf4 Rf8 33. Nd7 Qxd4+ 34. Qxd4+ Nxd4 35. Nxf8 Kxf8 36. Bf1 Kf7 37. a4 Kg6 38. Rad1 e5 39. Rxe5 Nc2 40. Rd3 Rc7 41. Rexd5 Nb4 42. Rd6+ Kxg5 43. Rg3+ Kf4 44. Rf3+ Ke5 45. Rh6 Nd5 46. Rxh5+ Ke4 47. Rh4+ Ke5 48. Rg3 Nf4 49. Re3+ Kf5 50. Rf3 1-0


[Site "https://www.chess.com"]

[Event "Titled Tuesday Blitz June 07 Early 2022"]
[White "Suleymanli, Aydin"]
[Black "Taboas Rodriguez, Daniel"]
[WhiteFideId "13413937"]
[BlackFideId "2208466"]
[WhiteElo "2481"]
[BlackElo "2429"]
[Result "1-0"]
[Round "05"]
[TimeControl "180+1"]
[Date "2022.06.07"]
[WhiteClock "0:00:04"]
[BlackClock "0:00:05"]

1. e4 e6 2. d4 d5 3. Nd2 Nc6 4. Ngf3 Nf6 5. e5 Ne4 6. Bd3 Nxd2 7. Qxd2 Nb4 8. Be2 c5 9. c3 Nc6 10. O-O Bd7 11. a3 Na5 12. Qf4 Be7 13. Qg3 g6 14. Bh6 c4 15. Ng5 Bf8 16. Bxf8 Kxf8 17. Qf4 Qe7 18. Rae1 h6 19. Nf3 Ba4 20. h4 Bc2 21. Nh2 g5 22. Qd2 Be4 23. hxg5 Nb3 24. Qe3 Qxg5 25. Qxg5 hxg5 26. f3 Bf5 27. Rf2 Kg7 28. Bd1 b5 29. Nf1 Nc1 30. Bc2 Bxc2 31. Rxc1 Bd3 32. Ne3 Rh7 33. Rd2 Rah8 34. Kf2 a5 35. Ra1 Rb8 36. b4 Ra8 37. Raa2 Rhh8 38. Rdb2 Ra6 39. a4 axb4 40. Rxb4 bxa4 41. Rbxa4 Rxa4 42. Rxa4 Rb8 43. Ra2 Rb1 44. Kg3 Rb3 45. Nd1 Rb1 46. Ne3 Rc1 47. Ra3 Re1 48. Ng4 Re2 49. Nf6 Rc2 50. f4 gxf4+ 51. Kxf4 Rxg2 52. Ra8 Bh7 53. Ne8+ Kh6 54. Nd6 Bg6 55. Rh8+ Kg7 56. Rh3 Re2 57. Ne8+ Kf8 58. Nf6 Kg7 59. Ne8+ Kf8 60. Rh8+ Ke7 61. Nf6 Re4+ 62. Kg5 Rxe5+ 63. dxe5 1-0


[Site "https://www.chess.com"]

[Event "Titled Tuesday Blitz June 07 Early 2022"]
[White "Svane, Rasmus"]
[Black "Aitbayev, Aslan"]
[WhiteFideId "4657101"]
[BlackFideId "13704613"]
[WhiteElo "2674"]
[BlackElo "2385"]
[Result "1-0"]
[Round "05"]
[TimeControl "180+1"]
[Date "2022.06.07"]
[WhiteClock "0:00:10"]
[BlackClock "0:00:02"]

1. Nf3 d5 2. g3 c6 3. Bg2 Nf6 4. O-O Bg4 5. h3 Bh5 6. d4 e6 7. c4 Nbd7 8. cxd5 exd5 9. Ne5 Bg6 10. Nc3 Bb4 11. Qb3 Qb6 12. Rd1 Be7 13. Nxg6 Qxb3 14. axb3 hxg6 15. f3 Bd6 16. Kf2 Nh5 17. g4 Bg3+ 18. Kf1 Nf4 19. e3 Ne6 20. e4 Nb6 21. Be3 g5 22. exd5 Nxd5 23. Nxd5 cxd5 24. Ra5 Nc7 25. Rc5 f6 26. Kg1 Kd7 27. Bf1 b6 28. Rc3 Rhc8 29. Rdc1 Ne6 30. Bb5+ Kd8 31. Bc6 Rab8 32. Bxd5 Rxc3 33. bxc3 Nf4 34. Bxf4 Bxf4 35. Rc2 Rc8 36. Kf2 a5 37. Ke2 Kd7 38. Kd3 Kd6 39. c4 Re8 40. Be4 Rh8 41. c5+ bxc5 42. Rxc5 Rb8 43. Kc2 Rb4 44. Kc3 Bg3 45. Rd5+ Ke7 46. Kc2 Bf2 47. Rxa5 Bxd4 48. Bd5 Bb6 49. Ra6 Kd6 50. Bc4 Kc5 51. Ra8 Bc7 52. Rg8 Be5 53. Rxg7 Rb6 54. Rh7 Rd6 55. h4 gxh4 56. Rxh4 Bf4 57. Bd3 Kb4 58. Rh5 Rc6+ 59. Bc4 Rd6 60. Rd5 Rc6 61. Rb5+ Ka3 62. Rf5 Be5 63. g5 Bd4 64. g6 Rc7 65. Ra5+ Kb4 66. Rb5+ Ka3 67. Kd3 Bb2 68. f4 Rc8 69. f5 Rd8+ 70. Ke2 1-0


[Site "https://www.chess.com"]

[Event "Titled Tuesday Blitz June 07 Early 2022"]
[White "Terry, Renato"]
[Black "Thavandiran, Shiyam"]
[WhiteFideId "3803457"]
[BlackFideId "2605058"]
[WhiteElo "2577"]
[BlackElo "2357"]
[Result "1-0"]
[Round "05"]
[TimeControl "180+1"]
[Date "2022.06.07"]
[WhiteClock "0:01:32"]
[BlackClock "0:01:16"]

1. d4 Nf6 2. Bg5 b6 3. c4 Bb7 4. f3 d5 5. cxd5 Qxd5 6. Bxf6 exf6 7. e4 Qg5 8. Nc3 Qe3+ 9. Nge2 Nc6 10. Nd5 Bb4+ 11. Nxb4 Nxb4 12. Qa4+ Nc6 13. d5 O-O-O 14. dxc6 Rd3 15. cxb7+ Kb8 16. Rd1 Rhd8 17. Rxd3 Rxd3 18. Qc2 b5 19. Qc1 Qb6 20. Nc3 Re3+ 21. Be2 c6 22. Nd1 1-0


[Site "https://www.chess.com"]

[Event "Titled Tuesday Blitz June 07 Early 2022"]
[White "Urazayev, Arystanbek"]
[Black "Van Foreest, Jorden"]
[WhiteFideId "13709810"]
[BlackFideId "1039784"]
[WhiteElo "2422"]
[BlackElo "2609"]
[Result "0-1"]
[Round "05"]
[TimeControl "180+1"]
[Date "2022.06.07"]
[WhiteClock "0:00:01"]
[BlackClock "0:00:56"]

1. e4 c5 2. Nf3 d6 3. d4 cxd4 4. Nxd4 Nf6 5. Nc3 Nc6 6. Bg5 Bd7 7. Qd3 Qb6 8. Bxf6 gxf6 9. O-O-O Qxd4 10. Qxd4 Nxd4 11. Rxd4 a6 12. Nd5 Rb8 13. Be2 h5 14. Kb1 Bg7 15. Rd3 Bc6 16. Rg3 Kf8 17. Rd1 h4 18. Rh3 e6 19. Nc3 Ke7 20. Rhd3 Rhd8 21. h3 b5 22. Bf3 b4 23. Ne2 Bb5 24. R3d2 Bh6 25. Rd4 a5 26. Re1 Rdc8 27. Rdd1 Rb6 28. Nd4 Ba4 29. Re2 Bf4 30. Nb3 Bb5 31. Ree1 a4 32. Nc1 Rbc6 33. Be2 Bxe2 34. Rxe2 Rg8 35. Nd3 Bh6 36. Nxb4 Rb6 37. a3 Rxg2 38. Ka2 Bf4 39. Nd3 Be5 40. Rde1 Bd4 41. c3 Bc5 42. Nxc5 dxc5 43. e5 fxe5 44. Rd1 f5 45. Rdd2 e4 46. Rc2 Rh2 47. Re3 Rd6 48. b3 axb3+ 49. Kxb3 Rd3 50. a4 c4+ 51. Kb2 Kd6 52. Ree2 Rhxh3 53. a5 Kc5 54. Ka3 Rh1 0-1


[Site "https://www.chess.com"]

[Event "Titled Tuesday Blitz June 07 Early 2022"]
[White "Wagner, Dennis"]
[Black "Xiong, Jeffery"]
[WhiteFideId "24650684"]
[BlackFideId "2047640"]
[WhiteElo "2355"]
[BlackElo "2714"]
[Result "0-1"]
[Round "05"]
[TimeControl "180+1"]
[Date "2022.06.07"]
[WhiteClock "0:00:04"]
[BlackClock "0:00:56"]

1. e4 c5 2. c3 e6 3. d4 cxd4 4. cxd4 d5 5. e5 Nc6 6. Nf3 Nge7 7. Nc3 Nf5 8. Bb5 Bd7 9. O-O a6 10. Bxc6 Bxc6 11. Re1 Be7 12. g4 Nh4 13. Nxh4 Bxh4 14. Bf4 h5 15. h3 hxg4 16. hxg4 Qb6 17. Qd2 O-O-O 18. Kg2 Be7 19. Rh1 Kb8 20. Rxh8 Rxh8 21. Rh1 Rxh1 22. Kxh1 Ka8 23. Kg2 Qb4 24. Bg3 Bd8 25. Bf4 f6 26. a3 Qc4 27. Qe3 Bb6 28. exf6 gxf6 29. Qxe6 Ka7 30. Qc8 a5 31. Qb8+ Ka6 32. Qa8+ Ba7 33. Be3 Bd7 34. Qf8 Bxd4 35. Qd6+ Bc6 36. Bxd4 Qxd4 37. Kg3 Qd3+ 38. f3 Qd4 39. a4 Qg1+ 40. Kf4 Qh2+ 41. Kf5 Qxd6 0-1


[Site "https://www.chess.com"]

[Event "Titled Tuesday Blitz June 07 Early 2022"]
[White "Xu, Yi"]
[Black "Krysa, Leandro"]
[WhiteFideId "8605564"]
[BlackFideId "116807"]
[WhiteElo "2471"]
[BlackElo "2490"]
[Result "1-0"]
[Round "05"]
[TimeControl "180+1"]
[Date "2022.06.07"]
[WhiteClock "0:00:11"]
[BlackClock "0:00:02"]

1. e4 e5 2. Nf3 Nf6 3. Nxe5 d6 4. Nf3 Nxe4 5. d4 d5 6. Bd3 Be7 7. O-O Nc6 8. Re1 Bf5 9. Nbd2 Nxd2 10. Qxd2 Bxd3 11. Qxd3 O-O 12. c3 Qd7 13. Bf4 a6 14. Re2 Rae8 15. Rae1 Bd8 16. h3 h6 17. a4 Rxe2 18. Rxe2 Re8 19. b4 Rxe2 20. Qxe2 Qe6 21. Qxe6 fxe6 22. a5 Na7 23. Ne1 Nb5 24. Bd2 Be7 25. Nd3 Bd6 26. Kf1 b6 27. g4 Na3 28. Ke2 bxa5 29. bxa5 Nc4 30. Nb4 Bxb4 31. cxb4 c6 32. h4 Kf7 33. Bc1 Nd6 34. f3 h5 35. Bg5 g6 36. Kd3 Ke8 37. Ke3 Kf7 38. Kd3 Nc4 39. Bc1 e5 40. gxh5 gxh5 41. dxe5 Nxe5+ 42. Kd4 Nxf3+ 43. Kc5 d4 44. Kxc6 d3 45. Kb6 d2 46. Bxd2 Nxd2 47. Kxa6 Ke6 48. Kb7 Ne4 49. a6 Nd6+ 50. Kc6 Nc8 51. b5 Na7+ 52. Kb6 Nc8+ 53. Kc7 Na7 54. b6 Nb5+ 55. Kc6 Nd4+ 56. Kb7 Kd7 57. a7 1-0


[Site "https://www.chess.com"]

[Event "Titled Tuesday Blitz June 07 Early 2022"]
[White "Aitbayev, Aslan"]
[Black "Domingo Nunez, Ruben"]
[WhiteFideId "13704613"]
[BlackFideId "22245570"]
[WhiteElo "2385"]
[BlackElo "2376"]
[Result "1-0"]
[Round "06"]
[TimeControl "180+1"]
[Date "2022.06.07"]
[WhiteClock "0:00:20"]
[BlackClock "0:00:19"]

1. e4 Nc6 2. Nf3 d5 3. exd5 Qxd5 4. Nc3 Qa5 5. Bb5 Bd7 6. O-O O-O-O 7. a3 a6 8. b4 Nxb4 9. Bxd7+ Rxd7 10. Rb1 Nc6 11. Qe2 Nf6 12. Rb3 e6 13. d3 Bc5 14. Bd2 Nd4 15. Nxd4 Bxd4 16. Nb5 Qb6 17. Nxd4 Qxd4 18. Rfb1 b6 19. Be3 Qe5 20. d4 Qa5 21. c4 Ne4 22. Qc2 Qf5 23. c5 b5 24. c6 Rd5 25. a4 Nd6 26. Qc3 Nc4 27. axb5 axb5 28. Ra1 Nb6 29. Qa5 Qc2 30. Qa8+ Nxa8 31. Rxa8# 1-0


[Site "https://www.chess.com"]

[Event "Titled Tuesday Blitz June 07 Early 2022"]
[White "Akbas, Umut Ata"]
[Black "Livaic, Leon"]
[WhiteFideId "44572646"]
[BlackFideId "14531534"]
[WhiteElo "1590"]
[BlackElo "2540"]
[Result "0-1"]
[Round "06"]
[TimeControl "180+1"]
[Date "2022.06.07"]
[WhiteClock "0:00:18"]
[BlackClock "0:01:33"]

1. d4 e6 2. c4 Nf6 3. Nf3 c5 4. d5 d6 5. Nc3 exd5 6. cxd5 g6 7. e4 a6 8. a4 Bg4 9. Be2 Bxf3 10. Bxf3 Nbd7 11. O-O Bg7 12. Bf4 Qe7 13. Re1 O-O 14. h3 Ne8 15. Qd2 Nc7 16. a5 Rab8 17. Be2 b5 18. axb6 Rxb6 19. Ra2 Rfb8 20. Bc4 Bd4 21. Re2 Rb4 22. b3 Qf6 23. Na4 Ne5 24. Bxe5 Bxe5 25. g3 g5 26. Kg2 h5 27. Re3 Nb5 28. Rf3 Qg6 29. Qd3 Nd4 30. Re3 g4 31. hxg4 hxg4 32. Nc3 Nxb3 33. Rxa6 Nd4 34. Ne2 Nf3 35. Ng1 Nxg1 36. Kxg1 Rb1+ 0-1


[Site "https://www.chess.com"]

[Event "Titled Tuesday Blitz June 07 Early 2022"]
[White "Al-Tarboush, Ward"]
[Black "Harsha Bharathakoti"]
[WhiteFideId "7601450"]
[BlackFideId "5078776"]
[WhiteElo "2249"]
[BlackElo "2575"]
[Result "1-0"]
[Round "06"]
[TimeControl "180+1"]
[Date "2022.06.07"]
[WhiteClock "0:00:43"]
[BlackClock "0:00:01"]

1. e4 c6 2. Nf3 d5 3. Nc3 Bg4 4. h3 Bxf3 5. Qxf3 e6 6. d3 Bc5 7. Be2 Ne7 8. g4 Nd7 9. Bd2 a5 10. Qg3 a4 11. a3 Qb6 12. Rb1 d4 13. Nd1 Bxa3 14. O-O Bb4 15. c3 Bc5 16. Kg2 e5 17. f4 exf4 18. Bxf4 O-O 19. Nf2 Ng6 20. Bc7 Qa7 21. h4 Rae8 22. g5 b6 23. Ng4 Rc8 24. Bd6 Bxd6 25. Qxd6 dxc3 26. bxc3 Qc7 27. e5 Nxh4+ 28. Kh3 Ng6 29. d4 b5 30. Bd3 Qxd6 31. exd6 Nb6 32. Ne5 Nxe5 33. dxe5 Rfe8 34. Rfe1 g6 35. c4 Nd7 36. cxb5 Rxe5 37. Rxe5 Nxe5 38. Re1 Nxd3 39. d7 Rf8 40. Re8 Nf4+ 41. Kg4 Ne6 42. bxc6 a3 43. Rxf8+ Kxf8 44. c7 Nxc7 45. d8=Q+ Ne8 46. Qa5 Kg8 47. Qxa3 1-0


[Site "https://www.chess.com"]

[Event "Titled Tuesday Blitz June 07 Early 2022"]
[White "Alvarado Diaz, Alejandro"]
[Black "Balabayeva, Xeniya"]
[WhiteFideId "2276119"]
[BlackFideId "13719688"]
[WhiteElo "2438"]
[BlackElo "1941"]
[Result "1-0"]
[Round "06"]
[TimeControl "180+1"]
[Date "2022.06.07"]
[WhiteClock "0:00:36"]
[BlackClock "0:00:01"]

1. d4 d5 2. c4 e6 3. Nc3 Nf6 4. cxd5 exd5 5. Bg5 Be7 6. e3 c6 7. Bd3 Be6 8. Nge2 h6 9. Bh4 Nbd7 10. O-O O-O 11. Qc2 Re8 12. Rad1 Nf8 13. f3 Qb6 14. Bf2 Rac8 15. Kh1 c5 16. Na4 Qa5 17. dxc5 Bxc5 18. Nxc5 Rxc5 19. Qb1 Rcc8 20. Nd4 N8d7 21. b4 Qb6 22. Nb5 Ne5 23. e4 Qd8 24. Nxa7 Nxd3 25. Qxd3 Ra8 26. Nb5 Qd7 27. e5 Nh7 28. Nd6 Red8 29. f4 g6 30. Bb6 Rf8 31. Rf2 f5 32. b5 Kg7 33. Rc1 Kg8 34. Rc7 Qd8 35. Qg3 g5 36. Qh3 1-0


[Site "https://www.chess.com"]

[Event "Titled Tuesday Blitz June 07 Early 2022"]
[White "Bharath Subramaniyam H"]
[Black "Djokic, Mihailo"]
[WhiteFideId "46634827"]
[BlackFideId "976440"]
[WhiteElo "2242"]
[BlackElo "2255"]
[Result "1-0"]
[Round "06"]
[TimeControl "180+1"]
[Date "2022.06.07"]
[WhiteClock "0:01:10"]
[BlackClock "0:00:02"]

1. d4 Nf6 2. Nf3 g6 3. Nc3 d5 4. Bf4 Bg7 5. Nb5 Na6 6. e3 O-O 7. h3 c6 8. Nc3 Nc7 9. Bd3 Ne6 10. Bh2 c5 11. O-O Bd7 12. a4 Rc8 13. a5 a6 14. Ne5 Be8 15. Be2 h5 16. Bf3 cxd4 17. exd4 Ng5 18. Be2 Nge4 19. Nxe4 Nxe4 20. c3 e6 21. Nd3 Bb5 22. Re1 Qh4 23. Rf1 Rfe8 24. Ne5 Bxe2 25. Qxe2 Qe7 26. c4 Nd6 27. c5 Nf5 28. Rfd1 Kh7 29. Ra3 Nh6 30. Rb3 f6 31. Nf3 Qd7 32. Rb6 Rc6 33. Qd3 Nf7 34. Qb3 Rxb6 35. Qxb6 Rc8 36. Re1 Rc6 37. Qb4 Nh6 38. Re3 Nf5 39. Rb3 Rc8 40. Qxb7 Qa4 41. Bf4 Qa1+ 42. Kh2 Re8 43. Qd7 Re7 44. Qc6 Qxa5 45. Rb7 Rxb7 46. Qxb7 e5 47. dxe5 Qxc5 48. exf6 Qb4 49. Qxb4 1-0


[Site "https://www.chess.com"]

[Event "Titled Tuesday Blitz June 07 Early 2022"]
[White "Bluebaum, Matthias"]
[Black "Volkov, Maksim"]
[WhiteFideId "24651516"]
[BlackFideId "54123070"]
[WhiteElo "2556"]
[BlackElo "2155"]
[Result "1-0"]
[Round "06"]
[TimeControl "180+1"]
[Date "2022.06.07"]
[WhiteClock "0:01:27"]
[BlackClock "0:00:42"]

1. d4 d5 2. c4 e6 3. Nc3 c6 4. Nf3 dxc4 5. e4 b5 6. Qc2 Bb7 7. Be2 Nf6 8. O-O Nbd7 9. b3 b4 10. e5 cxb3 11. axb3 Nd5 12. Nxd5 cxd5 13. Bg5 Qb6 14. Rfc1 h6 15. Bd2 Be7 16. Qc7 Rc8 17. Qxb6 axb6 18. Bb5 Kd8 19. Ra7 Rxc1+ 20. Bxc1 Bc8 21. Ne1 f6 22. f4 g5 23. Nd3 fxe5 24. fxe5 Bf8 25. Bd2 Rh7 26. Bxb4 Nf6 27. exf6 Rxa7 28. Bxf8 1-0


[Site "https://www.chess.com"]

[Event "Titled Tuesday Blitz June 07 Early 2022"]
[White "Bortnyk, Mykola"]
[Black "Alinasab, Mobina"]
[WhiteFideId "14120836"]
[BlackFideId "12528897"]
[WhiteElo "2582"]
[BlackElo "2031"]
[Result "1-0"]
[Round "06"]
[TimeControl "180+1"]
[Date "2022.06.07"]
[WhiteClock "0:00:31"]
[BlackClock "0:00:01"]

1. e4 c5 2. c3 d5 3. exd5 Qxd5 4. d4 g6 5. dxc5 Qxc5 6. Be3 Qc7 7. Na3 a6 8. Bc4 Nf6 9. Qb3 e6 10. Nf3 b5 11. Bxb5+ axb5 12. Nxb5 Qb7 13. Bd4 Nbd7 14. O-O Be7 15. Rfe1 O-O 16. a4 Nc5 17. Qc4 Qd5 18. Qe2 Nb3 19. Nc7 Qb7 20. Nxa8 Nxa1 21. Nb6 Nb3 22. Be3 Nd5 23. Qb5 Nxe3 24. fxe3 Nc5 25. a5 Bd7 26. Qc4 Na6 27. Nxd7 Rc8 28. Qd3 Nc5 29. Nxc5 Bxc5 30. b4 Bxb4 31. cxb4 Qxb4 32. Qd2 Qb5 33. Ra1 Qa6 34. h4 h5 35. Qd4 Rb8 36. Ng5 Rb5 37. Qd8+ Kg7 38. Rf1 Rf5 39. Rxf5 gxf5 40. Qe7 Qxa5 41. Qxf7+ 1-0


[Site "https://www.chess.com"]

[Event "Titled Tuesday Blitz June 07 Early 2022"]
[White "Bortnyk, Olexandr"]
[Black "Urazayev, Arystanbek"]
[WhiteFideId "14120828"]
[BlackFideId "13709810"]
[WhiteElo "2723"]
[BlackElo "2422"]
[Result "1-0"]
[Round "06"]
[TimeControl "180+1"]
[Date "2022.06.07"]
[WhiteClock "0:00:09"]
[BlackClock "0:00:02"]

1. d4 d5 2. Nc3 Nf6 3. Bf4 a6 4. e3 e6 5. Nf3 c5 6. a3 Nc6 7. h3 cxd4 8. exd4 Bd6 9. Qd2 O-O 10. Bd3 Nxd4 11. Nxd4 e5 12. Bg5 exd4 13. Nxd5 Qe8+ 14. Kf1 Nxd5 15. Re1 Be6 16. c4 dxc3 17. bxc3 Qc6 18. c4 Nc7 19. Kg1 Rfe8 20. Be4 Qd7 21. Rd1 Bxc4 22. Qc2 Qe6 23. Bxh7+ Kh8 24. Be3 Bb3 25. Rxd6 Qxd6 26. Qxb3 Kxh7 27. Qxf7 Nd5 28. Bd2 Re7 29. Qh5+ Kg8 30. g3 Rae8 31. Qf3 Nf6 32. Bb4 Re1+ 33. Kg2 Rxh1 34. Bxd6 Ree1 35. Qxb7 Kh7 36. Bf8 Nh5 37. Qf7 Reg1+ 38. Kf3 Rxg3+ 39. Ke2 Rg5 40. Bxg7 Nxg7 41. Qf4 Rh5 42. Qe4+ Kh6 43. Qxh1 a5 44. a4 Nf5 45. Qc1+ Kg6 46. Qc6+ Kf7 47. Qc7+ Ne7 48. Kf1 Kf6 49. Qf4+ 1-0


[Site "https://www.chess.com"]

[Event "Titled Tuesday Blitz June 07 Early 2022"]
[White "Chigaev, Maksim"]
[Black "Svane, Rasmus"]
[WhiteFideId "4108116"]
[BlackFideId "4657101"]
[WhiteElo "2457"]
[BlackElo "2674"]
[Result "1/2-1/2"]
[Round "06"]
[TimeControl "180+1"]
[Date "2022.06.07"]
[WhiteClock "0:00:23"]
[BlackClock "0:00:27"]

1. d4 Nf6 2. c4 e6 3. Nf3 d5 4. g3 Bb4+ 5. Nc3 O-O 6. Bg2 dxc4 7. O-O Nc6 8. Qa4 Rb8 9. Rd1 Nd5 10. Qc2 Be7 11. e4 Ncb4 12. Qe2 Nxc3 13. bxc3 Nd3 14. a4 c5 15. Be3 cxd4 16. Bxd4 b6 17. Ne5 Qc7 18. Nxc4 Ba6 19. Ne5 Nc5 20. Qg4 Nb3 21. Nc6 Nxd4 22. Nxe7+ Qxe7 23. cxd4 Rfd8 24. d5 exd5 25. exd5 Be2 26. Re1 Bxg4 27. Rxe7 Rd7 28. d6 Kf8 29. Rae1 Rxd6 30. Rxa7 1/2-1/2


[Site "https://www.chess.com"]

[Event "Titled Tuesday Blitz June 07 Early 2022"]
[White "Costachi, Mihnea"]
[Black "Rosen, Eric"]
[WhiteFideId "1217518"]
[BlackFideId "2032562"]
[WhiteElo "2476"]
[BlackElo "2362"]
[Result "0-1"]
[Round "06"]
[TimeControl "180+1"]
[Date "2022.06.07"]
[WhiteClock "0:00:24"]
[BlackClock "0:00:14"]

1. d4 d5 2. c4 e6 3. Nc3 Nf6 4. cxd5 exd5 5. Bg5 c6 6. Qc2 Bd6 7. e3 O-O 8. Bd3 h6 9. Bh4 Re8 10. Nf3 Be6 11. O-O Nbd7 12. Rab1 a5 13. a3 Qb8 14. Bg3 Bg4 15. Nd2 b5 16. Ne2 Bxg3 17. Nxg3 Qd6 18. h3 Be6 19. Rbc1 Rac8 20. Nb3 a4 21. Nc5 Nb6 22. Rcd1 Nc4 23. Bxc4 dxc4 24. e4 Qc7 25. e5 Nd5 26. Nce4 Rcd8 27. Nd6 Rf8 28. Nge4 Qe7 29. Nc5 Bc8 30. Qe4 Qg5 31. f4 Qh4 32. Rde1 f5 33. Qf3 Qe7 34. Qh5 Kh7 35. Rf3 Rxd6 36. Rg3 g6 37. Qf3 Rdd8 38. Qf2 Be6 39. h4 h5 40. Rg5 Rg8 41. Qf3 Qf7 42. Rf1 Ne7 43. Nb7 Bd5 44. Qg3 Rd7 45. Nd6 Qe6 46. Qf2 Nc8 47. Nxc8 Rxc8 48. Re1 Be4 49. Rg3 Rcd8 50. Rd1 Rd5 51. Rg5 c5 52. Qe2 cxd4 53. Rxh5+ gxh5 54. Qxh5+ Kg7 55. Qg5+ Qg6 56. Qe7+ Kg8 57. e6 Qxg2# 0-1


[Site "https://www.chess.com"]